[Event "ICC tourney 1955 (60 10)"]
[Site "Internet Chess Club"]
[Date "2020.08.09"]
[Round "9"]
[White "ganzy"]
[Black "DLWarrior"]
[Result "0-1"]
[ICCResult "White checkmated"]
[WhiteElo "2050"]
[BlackElo "1907"]
[Opening "French: Schlechter variation"]
[ECO "C01"]
[NIC "FR.01"]
[Time "18:32:24"]
[TimeControl "3600+10"]

1. e4 e6 2. d4 d5 3. Bd3 dxe4 4. Bxe4 Nf6 5. Bf3 Nbd7 6. c4 e5 7. Nc3 Bb4 8.
dxe5 Bxc3+ 9. bxc3 Nxe5 10. Qxd8+ Kxd8 11. c5 Nd3+ 12. Ke2 Nxc5 13. Ba3 Re8+
14. Kf1 Nce4 15. Rd1+ Bd7 16. Ne2 Kc8 17. h4 Bb5 18. Bb2 a6 19. g4 Nd6 20.
Rd4 Nc4 21. a4 c5 22. Rf4 Nd2+ 23. Kg2 Bxe2 24. Bxe2 Rxe2 25. g5 Nfe4 26.
Rxf7 Kb8 27. c4 Nxc4 28. Bxg7 Ka7 29. Bf8 Ne3+ 30. Kf3 Rxf2+ 31. Kxe4 Re8+
32. Re7 Rfxf8 33. Rxe8 Rxe8+ 34. Kf4 Kb6 35. h5 c4 36. g6 c3 37. gxh7 Ka5
38. Kf3 Kxa4 39. h8=Q Rxh8 40. Kxe3 Kb3 41. h6 c2 42. h7 Kb2 43. Kd2 Rd8+
44. Ke2 c1=Q 45. h8=Q+ Rxh8 46. Rxh8 Qc2+ 47. Kf1 a5 48. Rf8 a4 49. Rf6 a3
50. Kg1 a2 51. Rf1 a1=Q 52. Rxa1 Kxa1 53. Kf1 b5 54. Ke1 b4 55. Kf1 b3 56.
Ke1 b2 57. Kf1 b1=Q# {White checkmated} 0-1

[Event "ICC tourney 1955 (60 10)"]
[Site "Internet Chess Club"]
[Date "2020.08.09"]
[Round "9"]
[White "Chessphilia"]
[Black "StarWaricc"]
[Result "0-1"]
[ICCResult "White forfeits on time"]
[WhiteElo "2049"]
[BlackElo "1706"]
[Opening "Sicilian: Anderssen variation"]
[ECO "B41"]
[NIC "SI.41"]
[Time "18:31:37"]
[TimeControl "3600+10"]

1. e4 c5 2. Nf3 e6 3. d4 cxd4 4. Nxd4 Nf6 5. Nc3 Nc6 6. Nxc6 bxc6 7. e5 Nd5
8. Ne4 Qc7 9. f4 Qb6 10. c4 Bb4+ 11. Ke2 Ba6 12. Kf3 f5 13. exf6 Nxf6 14.
Be3 Qc7 15. Nxf6+ gxf6 16. Qa4 Qa5 17. Qxa5 Bxa5 18. c5 Bxf1 19. Rhxf1 Ke7
20. Rfd1 Rab8 21. b3 Bc7 22. Rd3 e5 23. Rad1 Rhd8 24. f5 a5 25. g4 Rb4 26.
R3d2 a4 27. bxa4 Rxa4 28. g5 Rb4 29. Kg3 Rb7 30. h4 Ba5 31. Rd6 Rf8 32.
gxf6+ Ke8 33. Bh6 Rf7 34. Kf3 Bd8 35. Bg7 Ba5 36. Rg1 Bd8 37. Rg5 Ra7 38.
Rh5 Ra3+ 39. Ke4 Ra4+ 40. Kxe5 Ba5 {White forfeits on time} 0-1

[Event "ICC tourney 1955 (60 10)"]
[Site "Internet Chess Club"]
[Date "2020.08.09"]
[Round "9"]
[White "gardemarin13"]
[Black "lemonoosa"]
[Result "0-1"]
[ICCResult "White resigns"]
[WhiteElo "1924"]
[BlackElo "2082"]
[Opening "Caro-Kann: exchange variation"]
[ECO "B13"]
[NIC "CK.02"]
[Time "18:31:57"]
[TimeControl "3600+10"]

1. e4 c6 2. d4 d5 3. exd5 cxd5 4. Bd3 Nc6 5. c3 Qc7 6. Ne2 Bg4 7. f3 Bd7 8.
Bf4 e5 9. dxe5 Nxe5 10. Bc2 Bd6 11. Ba4 b5 12. Qxd5 Rb8 13. Bxe5 Bxe5 14.
Bb3 Bc6 15. Qc5 Nf6 16. Nd2 Nd7 17. Qe3 O-O 18. O-O-O a5 19. Nd4 b4 20. Nxc6
Qxc6 21. Nc4 Bf6 22. Rd6 Qc7 23. Rhd1 Nc5 24. Bc2 b3 25. axb3 Nxb3+ 26. Bxb3
Rxb3 27. Qf4 Bxc3 28. Kc2 Be5 29. Qxe5 Qxc4+ 30. Kb1 Rb5 31. Qe7 Qb4 32. Qe2
a4 33. Rd8 Rb8 34. Rxf8+ Rxf8 35. Qe3 g6 36. Rd4 Qc5 37. Qc3 Qg5 38. g3 Rb8
39. Rxa4 Qf5+ 40. Kc1 Qh3 41. Rc4 Re8 42. Re4 Rc8 43. Rc4 Qf1+ {White
resigns} 0-1

[Event "ICC tourney 1955 (60 10)"]
[Site "Internet Chess Club"]
[Date "2020.08.09"]
[Round "9"]
[White "Ronaldh"]
[Black "aadit1709"]
[Result "1/2-1/2"]
[ICCResult "Game drawn by mutual agreement"]
[WhiteElo "2142"]
[BlackElo "2023"]
[Opening "Sicilian: Scheveningen (Paulsen), classical variation"]
[ECO "B84"]
[NIC "SI.23"]
[Time "18:32:24"]
[TimeControl "3600+10"]

1. e4 c5 2. Nf3 d6 3. d4 cxd4 4. Nxd4 Nf6 5. Nc3 a6 6. Be2 e6 7. O-O Be7 8.
a4 O-O 9. Be3 Qc7 10. f4 Nc6 11. Bf3 Bd7 12. Qe2 Nxd4 13. Bxd4 Bc6 14. a5
Rac8 15. Kh1 Nd7 16. Rfd1 Rfe8 17. Be3 e5 18. f5 h6 19. b4 Nf6 20. Bb6 Qb8
21. Rac1 Bd7 22. Qd3 Bc6 23. Na2 Bd8 24. c4 Bxb6 25. axb6 Red8 26. Nc3 Be8
27. Be2 Rd7 28. g4 Rc6 29. Na4 Qd8 30. h4 Rc8 31. Qe3 Nh7 32. Qf2 g5 33. h5
Nf6 34. Qe3 Kg7 35. Rd2 Qe7 36. Rcd1 Rdd8 37. Nc3 Bc6 38. Kg2 Ra8 39. Bf3
Be8 40. Nd5 Nxd5 41. exd5 a5 42. b5 Rdc8 43. Qe4 f6 44. Be2 Qd8 45. Qe3 Rc5
46. Ra2 Qxb6 47. Qe4 Ra7 48. Rda1 Rc8 49. Ra4 Rca8 50. Kf3 Qc5 51. Bf1 Kf7
52. Be2 Ke7 53. Bd3 Kd7 54. Be2 Kc7 55. Bd3 Kb6 56. Be2 Bd7 57. Bd3 Re8 58.
Be2 Raa8 {Game drawn by mutual agreement} 1/2-1/2

[Event "ICC tourney 1955 (60 10)"]
[Site "Internet Chess Club"]
[Date "2020.08.09"]
[Round "9"]
[White "Rohith-p"]
[Black "bishoboo"]
[Result "1-0"]
[ICCResult "Black resigns"]
[WhiteElo "2136"]
[BlackElo "1975"]
[Opening "Caro-Kann: two knights variation"]
[ECO "B11"]
[NIC "CK.08"]
[Time "18:32:24"]
[TimeControl "3600+10"]

1. e4 c6 2. Nc3 d5 3. Nf3 dxe4 4. Nxe4 Nd7 5. d4 Ngf6 6. Nxf6+ Nxf6 7. Bd3
Bg4 8. c3 e6 9. h3 Bh5 10. Bg5 Be7 11. Qe2 Qc7 12. g4 Bg6 13. Ne5 Bxd3 14.
Nxd3 O-O-O 15. Ne5 Rhf8 16. Nxf7 Rde8 17. Ne5 Nd5 18. Bxe7 Rxe7 19. O-O-O
Qa5 20. a3 Kb8 21. f3 c5 22. dxc5 Qxc5 23. Kb1 Rf4 24. Nd3 Qb5 25. Qh2 Nxc3+
26. Ka1 Nxd1 27. Qxf4+ e5 28. Qf8+ Re8 29. Qd6+ Ka8 30. Rxd1 Qb3 31. Nc5 Qg8
32. Qc7 Rb8 33. Qxe5 Rc8 34. Ne6 Qf7 35. Nc7+ Kb8 36. Nb5+ Ka8 37. Qd4 b6
38. Nd6 {Black resigns} 1-0

[Event "ICC tourney 1955 (60 10)"]
[Site "Internet Chess Club"]
[Date "2020.08.09"]
[Round "9"]
[White "MrNormalName"]
[Black "mopaska1106"]
[Result "1/2-1/2"]
[ICCResult "Game drawn by repetition"]
[WhiteElo "2182"]
[BlackElo "2036"]
[Opening "Dutch: Leningrad, main variation with c6"]
[ECO "A88"]
[NIC "HD.06"]
[Time "18:32:24"]
[TimeControl "3600+10"]

1. d4 f5 2. g3 Nf6 3. Bg2 g6 4. Nf3 Bg7 5. O-O O-O 6. c4 d6 7. Nc3 c6 8. d5
e5 9. dxe6 Bxe6 10. b3 Re8 11. Ng5 a5 12. Nxe6 Rxe6 13. Bb2 Na6 14. Re1 Nc5
15. Qc2 Qb6 16. Rab1 Rae8 17. e3 Nfe4 18. Ne2 Bxb2 19. Rxb2 Nxf2 20. Nf4
Nfd3 21. Nxd3 Nxd3 22. Qxd3 Rxe3 23. Rxe3 Rxe3 24. c5 Re1+ 25. Kf2 Qxc5+ 26.
Kxe1 Qc1+ 27. Kf2 Qxb2+ 28. Qe2 Qe5 29. Qxe5 dxe5 30. Ke3 Kf7 31. Bf1 Ke6
32. Bc4+ Kf6 33. Bg8 h5 34. Bc4 g5 35. h4 g4 36. Bg8 Ke7 37. Bh7 Kf6 38. a3
b6 39. Bg8 Ke7 40. Bc4 Kf6 41. Ba6 Ke7 42. Bb7 Kd7 43. a4 b5 44. Ba6 bxa4
45. bxa4 Ke6 46. Bc8+ Kf6 47. Bd7 c5 48. Be8 f4+ 49. gxf4 exf4+ 50. Kxf4 c4
51. Bb5 c3 52. Bd3 Ke6 53. Be4 Kf6 54. Bd3 Ke6 55. Be4 Kf6 56. Bc2 Ke6 57.
Be4 Kf6 58. Bd3 Ke6 {Game drawn by repetition} 1/2-1/2

[Event "ICC tourney 1955 (60 10)"]
[Site "Internet Chess Club"]
[Date "2020.08.09"]
[Round "9"]
[White "Kingforce"]
[Black "IAlwaysWin"]
[Result "1/2-1/2"]
[ICCResult "Game drawn by repetition"]
[WhiteElo "2010"]
[BlackElo "2122"]
[Opening "Caro-Kann: advance variation"]
[ECO "B12"]
[NIC "CK.02"]
[Time "18:32:24"]
[TimeControl "3600+10"]

1. e4 c6 2. d4 d5 3. e5 g6 4. Nf3 Bg7 5. Be2 f6 6. O-O Nh6 7. Re1 O-O 8.
Nbd2 Nf7 9. exf6 exf6 10. Nf1 Nd7 11. b3 Nb6 12. c4 Bd7 13. Bd3 Re8 14.
Rxe8+ Qxe8 15. Ba3 Be6 16. Ne3 Rd8 17. Qc2 f5 18. Re1 Qd7 19. c5 Nc8 20. Bb2
Re8 21. Nf1 Qc7 22. Bc3 Qd8 23. h3 Bd7 24. Rxe8+ Qxe8 25. Bd2 Bf6 26. Ng3
Ne7 27. Kf1 Kf8 28. Kg1 Qd8 29. Qc1 Ng8 30. Qc2 Qc8 31. Qc1 Bg7 32. Bf4 Nf6
33. Ne5 Ne4 34. f3 Nf6 35. Nxf7 Kxf7 36. Be5 Ne8 37. f4 Nc7 38. Ne2 Ne6 39.
Bxg7 Kxg7 40. Qe3 Qc7 41. g4 fxg4 42. hxg4 Qd8 43. f5 Nf8 44. Qe5+ Qf6 45.
Kg2 Kf7 46. Nf4 Qh4 47. Kf3 Qh1+ 48. Kg3 Qg1+ 49. Ng2 Qd1 50. Nf4 Qg1+ 51.
Ng2 Qd1 52. Nf4 Qg1+ 53. Ng2 Qd1 {Game drawn by repetition} 1/2-1/2

[Event "ICC tourney 1955 (60 10)"]
[Site "Internet Chess Club"]
[Date "2020.08.09"]
[Round "9"]
[White "town"]
[Black "atharvajaeel"]
[Result "1-0"]
[ICCResult "Black resigns"]
[WhiteElo "2085"]
[BlackElo "151"]
[Opening "Ruy Lopez: closed, Breyer, Borisenko variation"]
[ECO "C95"]
[NIC "RL.25"]
[Time "18:31:47"]
[TimeControl "3600+10"]

1. e4 e5 2. Nf3 Nc6 3. Bb5 a6 4. Ba4 Nf6 5. O-O Be7 6. Re1 b5 7. Bb3 d6 8.
c3 O-O 9. h3 Nb8 10. d4 Nbd7 11. Nbd2 Bb7 12. Bc2 Re8 13. Nf1 Bf8 14. Ng3 g6
15. b3 Bg7 16. d5 Qb8 17. Be3 c6 18. c4 Rc8 19. Qe2 Qc7 20. Bd3 cxd5 21.
cxd5 Nxd5 22. exd5 Bxd5 23. Rac1 Qb7 24. Bb1 Bc6 25. Bd2 Nc5 26. Bb4 Bh6 27.
Rcd1 Ne6 28. Bxd6 Nf4 29. Qf1 Nxg2 30. Nxe5 Nxe1 31. Qxe1 Re8 32. Qb4 Bf3
33. Re1 Rad8 34. Be4 Bxe4 35. Nxe4 Bg7 36. Ng4 Kh8 37. Bg3 Qc6 38. Bh4 Rd4
39. Nef6 Rxb4 40. Rxe8+ Qxe8 41. Nxe8 f5 42. Nxg7 Kxg7 43. Bf6+ Kf7 44. Bc3
Rf4 45. Ne5+ Ke6 46. Kg2 Re4 47. Nd3 Kd6 48. Kf3 Re8 49. Bb2 a5 50. a3 g5
51. Bc1 Kd5 52. Bd2 Kd4 53. Nc1 a4 54. bxa4 bxa4 55. Bxg5 Kc3 56. Kf4 Kc2
57. Kxf5 Rf8+ 58. Ke4 Rxf2 59. Nd3 Rf7 60. Nc5 Ra7 61. Bf6 Kb1 62. Bc3 Kc2
63. Bf6 Ra8 64. Kd5 Rf8 65. Bd4 Rf3 66. Nxa4 Rxa3 67. Nc3 Kd3 68. Bf6 Ra6
69. Ne4 Ke3 70. h4 h5 71. Bg5+ Kf3 72. Nf6 Ra5+ 73. Ke6 Rxg5 74. hxg5 h4 75.
g6 h3 76. g7 h2 77. g8=Q h1=Q 78. Qa8+ {Black resigns} 1-0

[Event "ICC tourney 1955 (60 10)"]
[Site "Internet Chess Club"]
[Date "2020.08.09"]
[Round "9"]
[White "sanjayselvam"]
[Black "oregonchessguy"]
[Result "1-0"]
[ICCResult "Black resigns"]
[WhiteElo "1936"]
[BlackElo "1791"]
[Opening "Queen's pawn, Mason variation"]
[ECO "D00"]
[NIC "QP.08"]
[Time "18:32:22"]
[TimeControl "3600+10"]

1. d4 d5 2. Bf4 Nf6 3. e3 c5 4. c3 Nc6 5. Nd2 e6 6. Ngf3 Bd6 7. Bg3 O-O 8.
Bd3 c4 9. Bc2 b5 10. e4 dxe4 11. Nxe4 Nxe4 12. Bxe4 Bb7 13. Bxd6 Qxd6 14.
Bxh7+ Kxh7 15. Ng5+ Kg6 16. Qg4 Kh6 17. Qh4+ Kg6 18. Qh7+ Kxg5 19. Qxg7+ Kf5
20. f4 e5 21. Qg5+ Ke6 22. O-O-O f6 23. Qg7 Rf7 24. Qg4+ f5 25. Qh5 e4 26.
d5+ Ke7 27. dxc6 Qxc6 28. Rd4 Rf6 29. Rhd1 Bc8 30. Qg5 Be6 31. Rd6 Qe8 32.
Qg7+ Qf7 33. Qg3 Rg8 34. Qf2 Kf8 35. Qh4 Ke7 36. Qf2 Kf8 37. g3 Rgg6 38. h4
Rh6 39. Qc5 Kg7 40. Rc6 Rhg6 41. Rc7 Qxc7 42. Qxc7+ Kh6 43. Rd8 Kh5 44. Qxa7
Kg4 45. Qe3 Bf7 46. Rd1 Be6 47. Rg1 Kh5 48. Qc5 Bd7 49. Qe7 Rd6 50. Qf7 Be6
51. Qh7+ Rh6 52. Qe7 {Black resigns} 1-0

[Event "ICC tourney 1955 (60 10)"]
[Site "Internet Chess Club"]
[Date "2020.08.09"]
[Round "9"]
[White "Aniketshukla"]
[Black "BranKing"]
[Result "1/2-1/2"]
[ICCResult "Game drawn by mutual agreement"]
[WhiteElo "2013"]
[BlackElo "2105"]
[Opening "Giuoco Piano"]
[ECO "C53"]
[NIC "IG.02"]
[Time "18:32:24"]
[TimeControl "3600+10"]

1. e4 e5 2. Nf3 Nc6 3. Bc4 Bc5 4. c3 Bb6 5. d3 Nf6 6. O-O d6 7. Nbd2 h6 8.
Bb3 O-O 9. Re1 Be6 10. Bc2 Ne7 11. Nf1 Ng6 12. Ng3 c6 13. h3 a5 14. d4 Re8
15. Be3 Bc7 16. Qd2 a4 17. a3 b5 18. Rad1 exd4 19. Nxd4 Ne5 20. Bb1 Qd7 21.
Bxh6 Nh7 22. Bf4 Nc4 23. Qe2 g6 24. h4 Qe7 25. h5 Qh4 26. hxg6 fxg6 27. Be3
Bg4 28. Nf3 Bxf3 29. Qxf3 Rf8 30. Qe2 Nf6 31. Nf1 Kg7 32. Bd4 Ne5 33. g3 Qh3
34. f4 Neg4 35. Qg2 Qh5 36. Ne3 Nxe3 37. Bxe3 c5 38. Bd3 Rh8 39. Be2 Qh7 40.
Bf3 Rae8 41. Kf2 Qg8 42. f5 Qb3 43. Kg1 gxf5 {Game drawn by mutual
agreement} 1/2-1/2

[Event "ICC tourney 1955 (60 10)"]
[Site "Internet Chess Club"]
[Date "2020.08.09"]
[Round "9"]
[White "anton555"]
[Black "canary2016"]
[Result "1-0"]
[ICCResult "Black resigns"]
[WhiteElo "2155"]
[BlackElo "1991"]
[Opening "Vienna gambit"]
[ECO "C29"]
[NIC "VG.04"]
[Time "18:32:42"]
[TimeControl "3600+10"]

1. e4 e5 2. Nc3 Nf6 3. f4 d6 4. Nf3 Nc6 5. Bb5 exf4 6. d4 Bd7 7. Bxf4 a6 8.
Bd3 Bg4 9. d5 Nd4 10. Be2 Nxe2 11. Qxe2 Qe7 12. O-O g6 13. h3 Bxf3 14. Qxf3
Nd7 15. Qg4 Bg7 16. Bg5 f6 17. Bd2 O-O 18. Ne2 Nc5 19. Ng3 Rae8 20. Rae1 Nd7
21. Bc3 c6 22. h4 Ne5 23. Bxe5 Qxe5 24. h5 Qd4+ 25. Kh1 f5 26. Qg5 fxe4 27.
hxg6 h6 28. Rxf8+ Rxf8 29. Qg4 cxd5 30. c3 Qe5 31. Nh5 Rf5 32. Ng3 Rf8 33.
Rf1 Rxf1+ 34. Nxf1 e3 35. Qc8+ Bf8 36. Qxb7 Be7 37. Qc8+ Kg7 38. Qe8 Qe6 39.
Nxe3 Qf6 40. Qxe7+ Qxe7 41. Nf5+ Kf6 42. Nxe7 Kxe7 43. Kg1 Kf6 44. Kf2 Kxg6
45. Ke3 Kf6 46. Kd4 Ke6 47. g4 Kf6 48. Kxd5 Kg5 49. Kxd6 Kxg4 50. c4 h5 51.
c5 h4 52. c6 h3 53. c7 Kg3 54. c8=Q Kg2 55. Qc6+ Kg1 56. Kc7 h2 57. Kb6 h1=Q
58. Qxh1+ Kxh1 59. Kxa6 {Black resigns} 1-0

[Event "ICC tourney 1955 (60 10)"]
[Site "Internet Chess Club"]
[Date "2020.08.09"]
[Round "9"]
[White "Quinlandia"]
[Black "HarleyQueen8"]
[Result "1/2-1/2"]
[ICCResult "Game drawn by mutual agreement"]
[WhiteElo "2022"]
[BlackElo "1731"]
[Opening "Queen's pawn: London system"]
[ECO "A45"]
[NIC "QP.07"]
[Time "18:31:47"]
[TimeControl "3600+10"]

1. d4 Nf6 2. Bf4 c5 3. e3 d5 4. c3 Nc6 5. Nd2 Bg4 6. Qb3 Qd7 7. Ngf3 e6 8.
Bb5 Bd6 9. Bxd6 Qxd6 10. Ne5 O-O 11. Nxg4 Nxg4 12. Qd1 Nf6 13. O-O a6 14.
Bd3 e5 15. dxe5 Nxe5 16. Bc2 Rad8 17. Nf3 Nxf3+ 18. Qxf3 Qe5 19. Rfd1 Rfe8
20. Rd2 d4 21. Rad1 Rc8 22. Rd3 dxe3 23. Rxe3 Qc7 24. Rde1 Rxe3 25. Qxe3 g6
26. Qf3 Kg7 27. h3 Re8 28. Rd1 Re5 29. a4 Qe7 30. Bd3 Re1+ 31. Rxe1 Qxe1+
32. Kh2 Qe5+ 33. g3 Qe7 34. Bc4 Qd7 35. a5 Qe7 36. Bf1 Ne8 37. Bg2 Nd6 38.
Qd5 Qc7 39. Qe5+ f6 40. Qd5 Kf8 41. h4 Kg7 42. b4 cxb4 43. cxb4 Kf8 44. h5
Kg7 45. hxg6 hxg6 46. Qc5 Qd7 47. Qb6 Kf8 48. Bxb7 Nxb7 49. Qxa6 Nd6 50.
Qa8+ Qc8 51. Qxc8+ Nxc8 52. b5 Ke7 53. b6 Nxb6 54. axb6 Kd6 55. g4 Kc6 56.
g5 fxg5 57. Kg3 Kxb6 58. Kg4 Kc5 59. Kxg5 Kd5 {Game drawn by mutual
agreement} 1/2-1/2

[Event "ICC tourney 1955 (60 10)"]
[Site "Internet Chess Club"]
[Date "2020.08.09"]
[Round "9"]
[White "ryanwang"]
[Black "icyblizzard"]
[Result "1/2-1/2"]
[ICCResult "Game drawn by mutual agreement"]
[WhiteElo "1848"]
[BlackElo "2109"]
[Opening "Pirc: Austrian attack"]
[ECO "B09"]
[NIC "PU.06"]
[Time "18:32:24"]
[TimeControl "3600+10"]

1. e4 d6 2. d4 Nf6 3. Nc3 g6 4. f4 Bg7 5. Nf3 O-O 6. Be2 Na6 7. O-O c5 8. d5
Nc7 9. h3 a6 10. a4 b6 11. Be3 Rb8 12. Nd2 b5 13. axb5 axb5 14. Bf3 e6 15.
dxe6 fxe6 16. g4 Bb7 17. g5 Nd7 18. Bg4 b4 19. Na4 Ba6 20. Rf2 Qe7 21. Nf1
Bb7 22. Ng3 d5 23. e5 Rf7 24. c3 Rbf8 25. Qd2 bxc3 26. bxc3 Bc6 27. Nb2 c4
28. Ra7 Rc8 29. Nd1 Nf8 30. Bd4 Qe8 31. Ne3 Nb5 32. Rxf7 Qxf7 33. Nc2 Ra8
34. Nb4 Be8 35. Qe3 Qb7 36. Kg2 Bf7 37. Ra2 Nd7 38. Rxa8+ Qxa8 39. Ne2 Bf8
40. Nc2 Qa2 41. Qc1 Qb3 42. Kh2 h5 43. Bf3 Be7 44. h4 Nf8 45. Kg2 Nc7 46.
Na1 Qa2 47. Nc2 Be8 48. Bb6 Nb5 49. Ncd4 Nxd4 50. Bxd4 Ba3 51. Qe3 Qb1 52.
Bc5 Bxc5 53. Qxc5 Ba4 54. Qe3 Bc2 55. Qc1 Qa2 56. Kg3 Bf5 57. Qe3 Qb1 58.
Qg1 Qd3 59. Qd4 Qc2 60. Qe3 Qb2 61. Qc1 Qb6 62. Qg1 Qb7 63. Qe3 Kf7 64. Nd4
Qb1 65. Ne2 Nd7 66. Qc1 Qxc1 67. Nxc1 Nb6 68. Bd1 Ke7 69. Kf2 Kd7 70. Ke3
Nc8 71. Ba4+ Kc7 72. Ne2 Nb6 73. Bd1 Nd7 74. Nd4 Bh3 75. Bc2 Nf8 76. Kf2
{Game drawn by mutual agreement}
1/2-1/2

[Event "ICC tourney 1955 (60 10)"]
[Site "Internet Chess Club"]
[Date "2020.08.09"]
[Round "9"]
[White "Gfprasanna"]
[Black "chessrani"]
[Result "1/2-1/2"]
[ICCResult "Game drawn by mutual agreement"]
[WhiteElo "2109"]
[BlackElo "2000"]
[Opening "Sicilian: Alapin's variation (2.c3)"]
[ECO "B22"]
[NIC "SI.46"]
[Time "18:32:07"]
[TimeControl "3600+10"]

1. e4 c5 2. c3 d5 3. exd5 Qxd5 4. Nf3 Bg4 5. Qa4+ Qd7 6. Bb5 Nc6 7. Ne5 Qe6
8. Bxc6+ bxc6 9. Qxc6+ Qxc6 10. Nxc6 e6 11. Ne5 Bf5 12. d4 cxd4 13. cxd4 Rc8
14. Nc3 Bb4 15. Bd2 f6 16. Nf3 Bd3 17. a3 Ba5 18. Na2 Bb6 19. Bc3 Ne7 20.
Nb4 Be4 21. Ke2 Nf5 22. Rac1 Kf7 23. Rhd1 Rhd8 24. Nc2 Bxc2 25. Rxc2 Bxd4
26. Rcd2 Bb6 27. Rxd8 Rxd8 28. Rxd8 Bxd8 29. Nd4 Nd6 30. f3 Bb6 31. a4 Ke7
32. Kd3 Kd7 33. b4 a6 34. Nb3 e5 35. Nd2 Kc6 36. Nc4 Nc8 37. Ke4 Ne7 38.
Nxb6 Kxb6 39. Kd3 Nd5 40. Bd2 Kc6 41. g3 Nb6 42. a5 Nd5 43. Kc4 f5 44. g4
fxg4 45. fxg4 Nf6 46. h3 Ne4 47. Be3 Nd6+ 48. Kd3 Kd5 49. Bc5 e4+ 50. Ke3
Nc4+ 51. Kf4 Nxa5 52. Bf8 Nc6 53. Bxg7 Nxb4 54. h4 Nd3+ 55. Ke3 Ne5 56. g5
Nf3 57. h5 Nxg5 58. Ba1 Nf7 59. Kf4 Nd6 60. Bc3 Nb5 61. Ba5 Nd4 62. Kg5 Nf3+
63. Kh6 Ke6 64. Kxh7 Kf7 65. Bb6 Ne5 66. Kh6 Nc4 67. Bd4 e3 68. Kg5 e2 69.
Bc3 Kg8 70. Kf4 a5 71. Kf3 e1=Q 72. Bxe1 a4 73. Bb4 a3 74. Bxa3 Nxa3 75. Kg4
{Game drawn by mutual agreement}
1/2-1/2

[Event "ICC tourney 1955 (60 10)"]
[Site "Internet Chess Club"]
[Date "2020.08.09"]
[Round "9"]
[White "tigertiger2019"]
[Black "geowhiz27"]
[Result "1/2-1/2"]
[ICCResult "Game drawn by mutual agreement"]
[WhiteElo "1683"]
[BlackElo "1783"]
[Opening "French: Burn variation"]
[ECO "C11"]
[NIC "FR.05"]
[Time "18:32:25"]
[TimeControl "3600+10"]

1. e4 e6 2. d4 d5 3. Nc3 Nf6 4. Bg5 dxe4 5. Nxe4 Be7 6. Bxf6 Bxf6 7. Nf3 O-O
8. Ng3 c5 9. c3 Qb6 10. Qd2 Rd8 11. Rd1 Nc6 12. Nh5 Be7 13. Bc4 g6 14. Ng3
cxd4 15. O-O dxc3 16. Qxc3 Bf8 17. Ne4 Bg7 18. Nf6+ Kh8 19. Ng5 Rf8 20.
Ngxh7 Bxf6 21. Nxf6 e5 22. Nd5 Qa5 23. b4 Qd8 24. b5 Nd4 25. Rfe1 Qg5 26. f4
Qh5 27. fxe5 Nf5 28. e6+ Ng7 29. e7 Re8 30. Nf6 Qc5+ 31. Kh1 Be6 32. Nxe8
Rxe8 33. Rxe6 fxe6 34. Qh3+ Nh5 35. g4 Qxc4 36. gxh5 Qe4+ 37. Kg1 Kg7 38.
Rd7 Qe1+ 39. Kg2 Qe2+ 40. Kg3 Qe3+ 41. Kg4 Qe4+ 42. Kg3 Qe3+ 43. Kg2 Qe2+
44. Kg1 Qe1+ 45. Qf1 Qe3+ 46. Qf2 Qg5+ 47. Kh1 Rxe7 48. Rxe7+ Qxe7 49. hxg6
Kxg6 50. Qxa7 Qf7 51. Qg1+ Kh7 52. Qb1+ Kg8 53. Qg1+ Kh7 54. Qg2 Qd7 55.
Qe4+ Kh8 56. Qe5+ Kh7 57. Qh5+ Kg8 58. Qg6+ Kh8 59. Qh5+ Kg8 60. a4 Qd3 61.
Qg5+ Kf7 62. Qf4+ Ke7 63. Qc7+ Kf6 64. Qf4+ Ke7 65. Qg5+ Ke8 66. Qg8+ Ke7
67. Qg5+ Kf7 68. Qh5+ Ke7 69. Qh4+ Kd7 70. Kg2 Qc2+ 71. Qf2 Qxa4 72. Qf7+
Kc8 73. Qxe6+ Kb8 74. Qd6+ Kc8 75. Qf8+ Kc7 76. Qc5+ Kb8 77. Kg3 Qe4 78. b6
Qg6+ 79. Kf2 Qf6+ 80. Ke2 Qe6+ 81. Kf3 Qh3+ 82. Ke4 Qg2+ 83. Kf5 Qf3+ 84.
Ke6 Qh3+ 85. Kf7 Qh7+ 86. Ke8 Qe4+ 87. Kd7 Qh7+ 88. Qe7 Qh3+ 89. Ke8 Qh5+
90. Kd8 Qd5+ 91. Qd7 Qg5+ 92. Qe7 Qd5+ 93. Qd7 Qg5+ 94. Ke8 Qg8+ 95. Ke7
Qg5+ 96. Kf7 Qh5+ 97. Kg8 Qg5+ 98. Qg7 Qd5+ 99. Kh8 Qh5+ 100. Qh7 Qe5+ 101.
Kg8 Qe8+ 102. Kg7 Qe5+ 103. Kf7 Qd5+ 104. Ke8 Qe5+ 105. Kf7 Qd5+
{Game drawn by mutual agreement}
1/2-1/2